 Dungeon Crawl Stone Soup version 0.30.1-3-gfc49f6343a (webtiles) character file.

Game seed: 3333719351792448529

11020 Cheops the Grappler (level 11, -4/109 HPs)
             Began as a Troll Fighter on July 25, 2023.
             Was a Priest of Wu Jian.
             Slain by a vampire mosquito (10 damage)
             ... on level 10 of the Dungeon.
             The game lasted 00:28:37 (9130 turns).

Cheops the Grappler (Troll Fighter)                 Turns: 9130, Time: 00:28:37

Health: -4/109     AC:  7    Str: 26    XL:     11   Next: 43%
Magic:  10/10      EV:  8    Int:  8    God:    Wu Jian [***...]
Gold:   267        SH:  9    Dex:  9    Spells: 4/10 levels left

rFire   . .          .
                       - Unarmed
rCold   . . .        b - +0 kite shield
rNeg    . . .        H - +0 troll leather armour
rPois   .            (helmet restricted)
rElec   .            w - +0 cloak
rCorr   .            (gloves unavailable)
SInv    .            (boots unavailable)
Will    .....        (no amulet)
Stlth   +            K - +4 ring of slaying
HPRegen 1.98/turn    v - +4 ring of protection
MPRegen 0.12/turn

%: no passive effects
@: corroded, slowed, very slow
A: large, unfitting armour, claws 3, regeneration 1, shaggy fur 1, tough skin 1
a: Renounce Religion, Wall Jump, Serpent's Lash


You were on level 10 of the Dungeon.
You worshipped Wu Jian.
Wu Jian was most pleased with you.
You visited 2 branches of the dungeon, and saw 13 of its levels.

You collected 602 gold pieces.
You spent 335 gold pieces at shops.

Inventory:

Missiles
 d - 4 throwing nets (quivered)
Armour
 b - a +0 kite shield (worn)
 w - a +0 cloak (worn)
 y - a +1 robe of cold resistance
 H - a +0 troll leather armour (worn)
 J - +0 steam dragon scales
 L - +0 acid dragon scales
Jewellery
 e - a ring of poison resistance
 i - a ring of see invisible
 v - a +4 ring of protection (right claw)
 K - a +4 ring of slaying (left claw)
Wands
 a - a wand of polymorph (3)
 q - a wand of flame (52)
 C - a wand of mindburst (20)
 E - a wand of paralysis (11)
 G - a wand of digging (3)
Scrolls
 m - 6 scrolls of teleportation
 n - a scroll of enchant weapon
 o - 2 scrolls of amnesia
 r - a scroll of brand weapon
 s - a scroll of vulnerability
 t - a scroll of blinking
 u - a scroll of magic mapping
 D - a scroll of torment {unknown}
 I - 4 scrolls of fog
 M - a scroll of butterflies {unknown}
 N - a scroll of identify
 O - a scroll of silence {unknown}
Potions
 c - 2 potions of might
 f - 4 potions of flight
 g - a potion of cancellation {unknown}
 h - 13 potions of curing
 j - a potion of degeneration {unknown}
 k - 5 potions of heal wounds {unknown}
 l - a potion of resistance {unknown}
 p - a potion of invisibility {unknown}
 x - a potion of mutation {unknown}
 z - 2 potions of lignification
 A - 2 potions of haste
 B - 2 potions of attraction {unknown}
 F - 3 potions of berserk rage {unknown}


   Skills:
 + Level 7.4 Fighting
 - Level 2.4 Dodging
 + Level 8.1 Shields
 * Level 14.0 Unarmed Combat


You had 4 spell levels left.
You knew the following spells:

 Your Spells              Type           Power      Damage    Failure   Level
a - Statue Form           Tmut/Erth      0%         N/A       100%        6

Your spell library contained the following spells:

 Spells                   Type           Power      Damage    Failure   Level
 Kiss of Death            Conj/Necr      0%         2d5       65%         1
 Magic Dart               Conj           0%         1d3       65%         1
 Searing Ray              Conj           0%         2d4       80%         2
 Sublimation of Blood     Necr           0%         N/A       80%         2
 Wereblood                Tmut           0%         N/A       80%         2
 Confusing Touch          Hex            0%         N/A       95%         3
 Vhi's Electric Charge    Tloc/Air       0%         N/A       95%         3
 Dispel Undead            Necr           0%         3d6       100%        4
 Fulminant Prism          Conj/Hex       0%         3d5       100%        4
 Petrify                  Tmut/Erth      0%         N/A       100%        4
 Arcjolt                  Conj/Air       0%         1d10      100%        5
 Metabolic Englaciation   Hex/Ice        0%         N/A       100%        5
 Summon Hydra             Summ           0%         N/A       100%        7
 Maxwell's Capacitive Co  Air            0%         ∞         100%        8


Dungeon Overview and Level Annotations

Branches:
Dungeon (12/15)            Temple (1/1) D:6            Lair (0/5) D:11
    Orc (0/2) D:11

Altars:
Ashenzari
Cheibriados
Dithmenos
Elyvilon
Fedhas
Gozag
Hepliaklqana
Kikubaaqudgha
Makhleb
Nemelex Xobeh
Okawaru
Qazlal
Sif Muna
Trog
Uskayaw
Vehumet
Wu Jian
Xom
Zin
The Shining One
Lugonu

Shops:
D:5 *?!

Annotations:
D:4 3 runed translucent doors, BillyBaka's ghost, amateur AtFi; DemonSlayer's ghost, novice DsEE; Spearmint's ghost, amateur DjCj; jsudlow's ghost, amateur TrBe; zimm66's ghost, weakling OpFE
D:6 4 runed translucent doors, Fractals's ghost, novice BaAr
D:8 2 transporters


Innate Abilities, Weirdness & Mutations

You are too large for most types of armour.
You have claws for hands.
Your natural rate of healing is unusually fast.
You are covered in fur. (AC +1)
You have tough skin. (AC +1)


Message History

The quasit barely misses you. You block the quasit's attack.
The quasit claws you but does no damage.
You block the vampire mosquito's attack.
The vampire mosquito barely misses you. The orange demon closely misses you.
The orange demon hits you.
* * * LOW HITPOINT WARNING * * *
The kobold demonologist hits you but does no damage.
The quasit closely misses you.
The quasit claws you but does no damage. x2
You climb upwards.
The orange demon disappears in a puff of smoke!
The quasit disappears in a puff of smoke!
You feel sick.
Found a scroll of identify.
There is a stone staircase leading down here.
You barely miss the kobold demonologist.
The kobold demonologist is severely wounded.
You feel sick.
You are no longer poisoned.
You block the vampire mosquito's attack.
The vampire mosquito bites you!
* * * LOW HITPOINT WARNING * * *
The vampire mosquito draws strength from your injuries!
The vampire mosquito barely misses you. x2
The kobold demonologist hits you but does no damage.
The vampire mosquito bites you but does no damage.
You block the vampire mosquito's attack.
You scratch the kobold demonologist but do no damage.
The kobold demonologist is severely wounded.
The vampire mosquito bites you!
* * * LOW HITPOINT WARNING * * *
The vampire mosquito draws strength from your injuries!
The vampire mosquito barely misses you.
The kobold demonologist hits you with a +0 dagger.
* * * LOW HITPOINT WARNING * * *
The vampire mosquito bites you.
* * * LOW HITPOINT WARNING * * *
The vampire mosquito draws strength from your injuries!
The vampire mosquito bites you!
You die...

..#
..#
..#
..#
###..#
....#
#?y.#
#@..#
#yK.#
#...#
....#
#....
##.###
#. #


You could see a kobold demonologist and 2 vampire mosquitoes.

Vanquished Creatures
  Harold (D:9)
  A two-headed ogre (D:9)
  A gargoyle (D:12)
  2 unseen horrors
  A kobold demonologist (D:11)
  3 trolls
  A hornet (D:7)
  2 slime creatures (D:12)
  16 yaks
  A wyvern (D:7)
  A shadow (D:11)
  3 steam dragons
  3 acid dragons
  3 water moccasins
  2 ice beasts (D:7)
  4 orc warriors
  A black bear (D:3)
  2 ogres (D:11)
  A centaur (D:8)
  11 kobold brigands
  2 bullfrogs (D:7)
  3 scorpions
  3 gnoll sergeants (D:11)
  9 killer bees
  6 howler monkeys
  2 hounds
  A gnoll bouda (D:9)
  5 jellies
  7 orc priests
  An iguana (D:7)
  12 orc wizards
  A sleepcap (D:7)
  Robin (D:2)
  4 adders
  16 gnolls
  A shadow imp (D:5)
  A white imp (D:6)
  4 worms
  6 dart slugs
  44 orcs
  4 endoplasms
  3 giant cockroaches
  16 goblins
  10 hobgoblins
  5 jackals (D:1)
  5 ball pythons
  6 bats
  3 frilled lizards
  20 kobolds
  A rat (D:1)
262 creatures vanquished.

Vanquished Creatures (others)
  A hound (D:7)
  An ufetubus (D:7)
2 creatures vanquished.

Grand Total: 264 creatures vanquished

Notes
Turn   | Place    | Note
-------+----------+-------------------------------------------
     0 | D:1      | Cheops the Troll Fighter began the quest for the Orb.
     0 | D:1      | Reached XP level 1. HP: 22/22 MP: 0/0
    76 | D:1      | Reached XP level 2. HP: 29/29 MP: 1/1
   138 | D:1      | Reached skill level 3 in Unarmed Combat
   873 | D:2      | Found a shimmering altar of Xom.
   883 | D:2      | Reached XP level 3. HP: 35/36 MP: 2/2
  1045 | D:2      | Noticed Robin
  1061 | D:2      | Killed Robin
  1062 | D:2      | Reached skill level 4 in Unarmed Combat
  1252 | D:2      | Reached XP level 4. HP: 39/44 MP: 3/3
  2042 | D:3      | Reached skill level 5 in Unarmed Combat
  2078 | D:3      | Noticed a black bear
  2084 | D:3      | Killed a black bear
  2085 | D:3      | Reached XP level 5. HP: 36/50 MP: 4/4
  2402 | D:3      | Reached skill level 6 in Unarmed Combat
  2444 | D:3      | Reached XP level 6. HP: 46/59 MP: 5/5
  2522 | D:3      | Found a faded altar of an unknown god.
  2929 | D:3      | Reached skill level 7 in Unarmed Combat
  3103 | D:4      | Found a runed translucent gate.
  3123 | D:4      | Found a runed translucent gate.
  3124 | D:4      | Found a runed translucent gate.
  3124 | D:4      | Noticed DemonSlayer's ghost (novice DsEE)
  3124 | D:4      | Noticed jsudlow's ghost (amateur TrBe)
  3125 | D:4      | Noticed BillyBaka's ghost (amateur AtFi)
  3125 | D:4      | Noticed zimm66's ghost (weakling OpFE)
  3125 | D:4      | Noticed Spearmint's ghost (amateur DjCj)
  3203 | D:4      | Reached XP level 7. HP: 62/66 MP: 6/6
  3475 | D:4      | Found a burning altar of Makhleb.
  3635 | D:5      | Entered Level 5 of the Dungeon
  3674 | D:4      | Reached skill level 8 in Unarmed Combat
  3984 | D:5      | Found Ecvyekh's Distillery.
  4051 | D:5      | Bought a potion of curing for 39 gold pieces
  4051 | D:5      | Bought a potion of lignification for 39 gold pieces
  4051 | D:5      | Bought a potion of haste for 130 gold pieces
  4051 | D:5      | Bought a potion of flight for 39 gold pieces
  4085 | D:5      | Found Vimun's Magic Scroll Boutique.
  4093 | D:5      | Bought a scroll of noise for 11 gold pieces
  4144 | D:5      | Found Zod Moodgh's General Store.
  4415 | D:6      | Found a runed translucent door.
  4420 | D:6      | Noticed Fractals's ghost (novice BaAr)
  4470 | D:6      | Reached XP level 8. HP: 75/75 MP: 7/7
  4780 | D:6      | Found a runed translucent door.
  4823 | D:6      | Reached skill level 9 in Unarmed Combat
  4835 | D:6      | Found a large runed translucent door.
  4872 | D:6      | Found a staircase to the Ecumenical Temple.
  4920 | Temple   | Entered the Ecumenical Temple
  5216 | Temple   | Became a worshipper of the Wu Jian Council
  5384 | D:6      | Found a large runed translucent door.
  6480 | D:7      | Noticed a troll
  6486 | D:7      | Killed a troll
  6656 | D:7      | Reached skill level 10 in Unarmed Combat
  6677 | D:7      | Reached XP level 9. HP: 70/85 MP: 8/8
  7012 | D:7      | Reached skill level 5 in Shields
  7060 | D:7      | Learned a level 6 spell: Statue Form
  7195 | D:8      | Reached skill level 5 in Fighting
  7197 | D:8      | Reached skill level 11 in Unarmed Combat
  7204 | D:8      | Reached * piety under Wu Jian
  7349 | D:8      | Found a transporter.
  7425 | D:8      | Noticed a red ugly thing
  7425 | D:8      | Noticed a brown ugly thing
  7484 | D:8      | Noticed an unseen horror
  7487 | D:8      | Killed an unseen horror
  7488 | D:8      | Reached XP level 10. HP: 98/98 MP: 9/9
  7640 | D:8      | Found a transporter.
  7641 | D:8      | Found a corrupted altar of Lugonu.
  7642 | D:8      | Noticed a purple ugly thing
  7784 | D:5      | Bought a scroll of fog for 44 gold pieces
  7784 | D:5      | Bought a scroll of teleportation for 33 gold pieces
  7977 | D:9      | Reached skill level 12 in Unarmed Combat
  8063 | D:9      | Noticed Harold
  8139 | D:9      | Reached ** piety under Wu Jian
  8150 | D:9      | Killed Harold
  8208 | D:9      | Found a sparkling altar of Nemelex Xobeh.
  8291 | D:9      | Noticed a two-headed ogre
  8299 | D:9      | Killed a two-headed ogre
  8300 | D:9      | Reached skill level 13 in Unarmed Combat
  8614 | D:9      | You fall into a shaft and drop 3 floors!
  8656 | D:12     | Noticed a gargoyle
  8663 | D:12     | Killed a gargoyle
  8664 | D:12     | Reached XP level 11. HP: 86/107 MP: 10/10
  8702 | D:11     | Reached *** piety under Wu Jian
  8727 | D:11     | Found a staircase to the Orcish Mines.
  8802 | D:11     | HP: 5/109 [troll (12)]
  8835 | D:11     | Found a staircase to the Lair.
  8842 | D:10     | Entered Level 10 of the Dungeon
  9095 | D:11     | Noticed a sun demon
  9117 | D:11     | Noticed a sixfirhy
  9119 | D:11     | Reached skill level 14 in Unarmed Combat
  9130 | D:10     | Slain by a vampire mosquito

Illustrated notes

Levels and vault maps discovered:
D:1:      minmay_arrival_shoal_huts, layout_basic, minivault_5,
          minmay_misc_feat_ornament
D:2:      layout_loops_corners, basic_altar, uniq_robin
D:3:      layout_loops_ring, dilly_ecumenical_altar_fadedgnrine,
          wander_ebering_terrifying_dragon_lair
D:4:      layout_cave_pools, lightli_temple_of_fire, gammafunk_ghost_cemetery
D:5:      layout_cave_pools, serial_shops, shop, nicolae_shop_advertising_works
          [nicolae_subvault_shop_adworks], nicolae_shop_back_alley_shop
D:6:      layout_layer_cave, jmf_multi_god_temple2, temple_doors_e,
          ebering_ghost_sewer_f
D:7:      layout_basic, minmay_misc_feat_tower
D:8:      gammafunk_corrupted_shrine, layout_rooms
D:9:      layout_roguey, nemelex_xobeh_ov_fountains_minmay, uniq_harold
D:10:     layout_loops_ring, nicolae_ru_the_path_less_chosen,
          gammafunk_ghost_necromancy, uniq_snorg
D:11:     layout_loops_ring, lair_entry_dummy,
          kennysheep_orc_monster_closet_entryway
D:12:     layout_basic, kiku_gazebo_garden_becter
Temple:   minmay_temple_bridge_d

Skill      XL: |  1  2  3  4  5  6  7  8  9 10 11 |
---------------+----------------------------------+-----
Unarmed Combat | 3 4 5 6 7 8 10 11 13 14 | 14.0
Shields        | 3 4 6 7 8 |  8.1
Fighting       | 3 4 5 6 7 |  7.4
Dodging        | |  2.4

Action                     |  1- 3 |  4- 6 |  7- 9 | 10-12 || total
---------------------------+-------+-------+-------+-------++-------
  Melee: Unarmed           |   111 |   118 |   291 |   266 ||   786
Ability: Lunge             |       |       |     9 |    21 ||    30
         Whirlwind         |       |       |     1 |    10 ||    11
  Evoke: Wand              |       |       |       |     2 ||     2
    Use: Scroll            |       |       |     6 |     3 ||     9
         Potion            |       |       |       |     4 ||     4
   Stab: Sleeping          |     1 |     2 |       |       ||     3
 Armour: Robe              |    21 |    35 |    57 |       ||   113
         Troll leather arm |       |       |    60 |    97 ||   157
         Skin              |       |       |       |    36 ||    36
  Dodge: Dodged            |    28 |    43 |    96 |    82 ||   249
  Block: Kite shield       |    33 |    55 |    90 |   133 ||   311
